Map: Acid Plant LE

Players

Guru

  • Race: Zerg Zerg
  • Spawn Location: 5:00

Creator - Winner!

  • Race: Protoss Protoss
  • Spawn Location: 11:00

Event: IEM Season 12 - Katowice

VOD

Have the link to the VOD?

Description

Time

  • Played on: Feb. 26, 2018, 11:57 a.m.
  • Length: 16:01

All games in this series

Show
View Real Time Build Order
Export as new Build Order

Guru Zerg 

Build Orders: Hatch First, Lurkers, Roach Hydra 

Get SALT Encoding   

  12  0:01  Drone  
  13  0:12  Overlord  
  13  0:18  Drone  
  14  0:30  Drone  
  14  0:31  Drone  
  14  0:35  Drone  
  17  0:51  Hatchery  
  17  0:54  Drone  
  17  0:57  Drone  
  18  1:07  Extractor  
  17  1:12  Spawning Pool  
  17  1:15  Drone  
  17  1:18  Drone  
  18  1:28  Drone  
  19  1:39  Overlord  
  19  1:59  Queen  
  19  2:00  Zergling x2  
  22  2:05  Queen  
  24  2:09  Metabolic Boost  
  24  2:10  Drone x2  
  24  2:12  Drone  
  24  2:14  Drone  
  28  2:24  Drone  
  28  2:26  Drone  
  30  2:35  Drone x2  
  32  2:44  Hatchery  
  31  2:50  Queen  
  33  2:54  Overlord  
  33  2:57  Zergling x2  
  34  2:59  Drone  
  34  3:01  Drone  
  36  3:07  Lair  
  36  3:13  Drone x3  
  36  3:16  Zergling x2  
  36  3:18  Drone  
  41  3:22  Drone  
  41  3:26  Spore Crawler  
  41  3:30  Roach Warren  
  41  3:33  Overlord  
  40  3:38  Drone  
  40  3:39  Drone  
  43  3:41  Drone x2  
  43  3:45  Overlord  
  44  3:50  Overlord  
  43  3:55  Drone  
  43  3:58  Zergling x6  
  43  4:00  Zergling x4  
  48  4:05  Queen  
  49  4:10  Glial Reconstitution  
  49  4:12  Drone  
  49  4:14  Extractor  
  49  4:15  Extractor  
  49  4:16  Zergling x2  
  49  4:20  Drone  
  49  4:21  Drone x3  
  53  4:27  Drone x4  
  53  4:29  Drone  
  57  4:36  Overlord  
  57  4:43  Overlord  
  57  4:44  Spore Crawler  
  56  4:49  Roach x4  
  64  4:53  Overlord  
  64  4:55  Roach  
  58  5:09  Roach  
  58  5:10  Roach x4  
  58  5:13  Roach  
  70  5:16  Drone x2  
  70  5:18  Drone  
  70  5:20  Drone  
  70  5:21  Drone  
  75  5:23  Drone  
  75  5:24  Drone  
  75  5:28  Drone x2  
  79  5:31  Drone  
  79  5:33  Drone  
  81  5:37  Roach  
  81  5:40  Drone x3  
  85  5:46  Evolution Chamber  
  82  5:54  Drone x2  
  82  5:55  Drone x3  
  84  5:57  Drone x2  
  84  5:58  Drone  
  84  6:02  Roach  
  89  6:06  Overlord  
  89  6:09  Overlord  
  89  6:12  Overlord  
  89  6:16  Overlord  
  89  6:18  Overlord  
  89  6:20  Zerg Melee Weapons Level 1  
  89  6:23  Hydralisk Den  
  88  6:28  Drone  
  88  6:31  Drone x3  
  88  6:32  Drone  
  87  6:33  Roach x2  
  87  6:34  Roach  
  93  6:40  Drone  
  93  6:41  Drone x2, Extractor  
  93  6:42  Drone  
  93  6:45  Roach x2  
  100  6:47  Roach  
  100  6:57  Drone  
  100  6:58  Muscular Augments  
  100  7:00  Drone  
  100  7:07  Drone x2  
  100  7:08  Drone  
  103  7:10  Hydralisk x2  
  103  7:11  Lurker Den, Hydralisk  
  103  7:12  Hydralisk x2  
  103  7:14  Hydralisk  
  114  7:20  Drone  
  115  7:30  Drone x3  
  116  7:41  Drone x2  
  116  7:42  Drone x2  
  116  7:43  Drone x3  
  121  7:46  Extractor x2  
  121  7:47  Hydralisk x3  
  124  7:53  Drone  
  124  7:54  Drone  
  125  8:00  Overlord  
  125  8:01  Infestation Pit, Hydralisk x2  
  125  8:02  Hydralisk  
  125  8:04  Overlord  
  130  8:07  Overlord  
  130  8:09  Overlord  
  130  8:10  Hatchery  
  130  8:11  Grooved Spines  
  129  8:16  Hydralisk  
  129  8:17  Overlord  
  130  8:20  Overseer  
  130  8:22  Drone x3  
  130  8:24  Drone x2  
  130  8:25  Drone  
  136  8:33  Hydralisk  
  138  8:35  Hydralisk x4  
  138  8:37  Overlord  
  138  8:40  Hydralisk  
  148  8:42  Hydralisk  
  149  8:50  Drone  
  149  8:54  Drone x3  
  153  8:58  Zerg Missile Weapons Level 1  
  153  8:59  Drone  
  153  9:01  Evolution Chamber  
  153  9:04  Drone  
  154  9:11  Extractor  
  154  9:12  Extractor  
  154  9:13  Drone x5  
  154  9:14  Drone x4  
  154  9:15  Drone  
  162  9:17  Hive  
  162  9:19  Hydralisk x2  
  166  9:24  Hydralisk x3  
  166  9:28  Hydralisk x2  
  174  9:33  Hydralisk  
  174  9:34  Hydralisk  
  174  9:36  Overlord  
  174  9:37  Lurker  
  179  9:43  Zergling x2  
  179  9:44  Zergling x8  
  184  9:47  Overlord  
  173  9:59  Hydralisk x6  
  151  10:00  Hydralisk x2  
  151  10:05  Zerg Ground Armor Level 1  
  151  10:06  Drone  
  160  10:09  Hydralisk  
  160  10:12  Zergling x2  
  160  10:13  Zergling x8  
  160  10:14  Lurker x2  
  168  10:16  Zergling x2  
  168  10:17  Zergling x4  
  168  10:18  Spore Crawler  
  168  10:20  Spine Crawler  
  170  10:26  Overseer  
  170  10:28  Lurker x2  
  172  10:30  Hydralisk x2  
  169  10:39  Zergling x2, Adaptive Talons  
  169  10:41  Lurker  
  167  10:50  Drone x3  
  167  10:51  Hydralisk x4  
  175  10:57  Zergling x2  
  175  10:58  Zergling x2  
  175  10:59  Lurker x2  
  175  11:01  Hydralisk x2  
  181  11:04  Hydralisk  
  181  11:07  Hydralisk  
  185  11:13  Zerg Missile Weapons Level 2  
  185  11:16  Hydralisk  
  186  11:20  Spine Crawler  
  186  11:21  Drone x4, Spine Crawler  
  186  11:22  Spine Crawler, Hydralisk  
  186  11:24  Hydralisk  
  191  11:26  Hydralisk  
  191  11:30  Hydralisk  
  191  11:31  Hydralisk x2  
  199  11:34  Hydralisk  
  197  11:40  Zergling x2  
  197  11:41  Zergling x4  
  198  11:50  Hydralisk x3  
  198  11:53  Hydralisk x5  
  198  11:54  Hydralisk  
  191  11:56  Hydralisk  
  191  11:58  Hydralisk  
  191  11:59  Zergling x2  
  191  12:00  Zergling x2  
  189  12:03  Overlord x4  
  189  12:06  Hydralisk  
  189  12:07  Hydralisk  
  170  12:10  Overlord  
  170  12:14  Hydralisk  
  143  12:20  Hydralisk  
  143  12:22  Drone  
  133  12:24  Hydralisk  
  133  12:27  Drone  
  129  12:31  Drone  
  129  12:32  Drone  
  128  12:40  Drone x2  
  112  12:59  Drone x4  
  112  13:00  Drone  
  111  13:28  Drone x4  
  111  13:30  Drone  
  114  13:37  Extractor  
  114  13:40  Spawning Pool  
  114  13:41  Drone x3  
  114  13:45  Lurker  
  114  13:46  Lurker  
  116  14:11  Drone x3  
  116  14:12  Overlord, Hatchery  
  118  14:20  Pathogen Glands  
  109  14:33  Lurker x4  
  109  14:34  Drone x2, Overseer  
  109  14:35  Drone  
  109  14:38  Hydralisk  
  118  14:49  Drone x2  
  116  14:56  Hydralisk x3  
  118  15:04  Hydralisk  
  110  15:12  Hydralisk  
  106  15:15  Hydralisk  
  106  15:21  Hydralisk  
  105  15:26  Hydralisk x2  
  108  15:32  Hydralisk  
  108  15:35  Hydralisk  
Show
View Real Time Build Order
Export as new Build Order

Creator Protoss - Winner!

Build Orders: 1 Gate Expand, Oracle Opening, Phoenix Opening, Chargelot Immortal 

Get SALT Encoding   

  12  0:00  Probe  
  13  0:12  Probe  
  14  0:17  Pylon  
  14  0:25  Probe (Chrono Boost)  
  15  0:37  Probe (Chrono Boost)  
  15  0:42  Gateway  
  16  0:46  Probe (Chrono Boost)  
  17  0:51  Probe  
  17  0:54  Assimilator  
  18  1:03  Probe  
  19  1:19  Nexus  
  19  1:31  Cybernetics Core  
  19  1:32  Probe (Chrono Boost)  
  20  1:43  Probe (Chrono Boost), Assimilator  
  21  1:48  Probe (Chrono Boost)  
  21  1:53  Pylon  
  22  1:58  Probe  
  23  2:10  Adept (Chrono Boost)  
  23  2:11  Probe  
  26  2:22  Stargate  
  26  2:25  Probe  
  26  2:28  Adept  
  27  2:33  Probe  
  30  2:37  Warp Gate, Probe  
  31  2:45  Probe  
  31  2:50  Probe  
  33  2:55  Adept  
  33  2:57  Probe  
  36  3:05  Probe, Phoenix (Chrono Boost)  
  37  3:09  Probe  
  40  3:15  Gateway  
  40  3:17  Probe  
  41  3:21  Probe  
  41  3:24  Gateway  
  41  3:26  Oracle (Chrono Boost)  
  42  3:33  Pylon  
  45  3:34  Probe  
  46  3:51  Probe x2  
  46  3:54  Pylon, Oracle (Chrono Boost)  
  49  4:09  Probe x2  
  51  4:11  Assimilator  
  51  4:23  Probe x2  
  53  4:28  Robotics Facility  
  53  4:33  Pylon  
  53  4:35  Probe x2  
  55  4:41  Adept  
  55  4:42  Adept x2  
  59  4:47  Probe x2, Pylon  
  61  4:53  Assimilator  
  61  4:56  Forge  
  61  4:59  Probe x2  
  63  5:08  Adept x3  
  63  5:11  Probe x2  
  69  5:14  Robotics Facility  
  69  5:19  Nexus, Warp Prism  
  71  5:22  Pylon  
  71  5:31  Protoss Ground Weapons Level 1  
  71  5:32  Sentry  
  71  5:34  Probe x2 (Chrono Boost)  
  75  5:41  Twilight Council  
  75  5:42  Pylon x2  
  75  5:46  Shield Battery  
  75  5:53  Probe x2 (Chrono Boost)  
  75  5:54  Immortal (Chrono Boost)  
  78  6:02  Immortal (Chrono Boost)  
  82  6:11  Sentry  
  82  6:13  Shield Battery  
  82  6:14  Pylon  
  82  6:15  Stalker  
  83  6:26  Gateway  
  83  6:27  Gateway  
  83  6:32  Immortal  
  86  6:34  Immortal (Chrono Boost)  
  86  6:36  Charge  
  88  6:41  Adept x2  
  92  7:03  Nexus  
  92  7:06  Pylon  
  92  7:09  Immortal (Chrono Boost)  
  92  7:10  Immortal (Chrono Boost)  
  100  7:16  Probe x2  
  102  7:28  Probe x2  
  102  7:29  Protoss Ground Weapons Level 2  
  104  7:32  Pylon  
  104  7:41  Immortal (Chrono Boost)  
  105  7:47  Immortal (Chrono Boost)  
  109  7:56  Probe x2, Templar Archives  
  109  7:57  Assimilator  
  107  8:02  Assimilator  
  107  8:07  Zealot x3, Gateway  
  107  8:08  Zealot, Gateway  
  115  8:16  Pylon  
  115  8:17  Psionic Storm  
  115  8:18  Probe x3  
  118  8:27  Immortal  
  118  8:28  Observer  
  123  8:40  Shield Battery, Photon Cannon  
  123  8:47  High Templar x2  
  127  8:51  Gateway  
  127  8:53  Pylon  
  127  8:55  High Templar  
  127  8:56  Probe x3  
  127  8:58  Pylon  
  130  9:06  High Templar  
  132  9:11  Observer  
  132  9:13  Zealot  
  132  9:14  Zealot  
  137  9:20  High Templar  
  137  9:22  Zealot x2  
  143  9:28  Photon Cannon  
  141  9:39  High Templar x2  
  141  9:40  Zealot  
  141  9:44  Archon  
  145  9:50  Pylon  
  145  9:52  Protoss Ground Weapons Level 3 (Chrono Boost)  
  135  10:01  Nexus  
  135  10:04  Pylon  
  135  10:05  Immortal (Chrono Boost)  
  135  10:06  Immortal (Chrono Boost)  
  133  10:10  Zealot x3  
  133  10:11  Zealot x2  
  149  10:21  High Templar x2  
  149  10:23  Probe x3  
  149  10:26  Archon, Photon Cannon  
  152  10:37  Probe x2, Immortal x2 (Chrono Boost)  
  152  10:38  Probe  
  152  10:39  Photon Cannon  
  159  10:59  Assimilator  
  159  11:03  Assimilator, High Templar x2  
  157  11:10  Immortal (Chrono Boost)  
  165  11:11  Archon, Shield Battery  
  165  11:12  Photon Cannon  
  165  11:16  Sentry  
  165  11:17  Zealot x2, Immortal (Chrono Boost)  
  169  11:20  Photon Cannon  
  169  11:21  Sentry  
  169  11:32  High Templar  
  171  11:35  Warp Prism (Chrono Boost)  
  173  11:45  Immortal (Chrono Boost)  
  173  11:46  Sentry  
  175  11:47  Photon Cannon, Stalker  
  175  11:50  Photon Cannon  
  170  11:59  Sentry, Stalker  
  169  12:02  Zealot x2  
  169  12:03  Observer (Chrono Boost)  
  144  12:20  Observer (Chrono Boost)  
  142  12:31  Immortal (Chrono Boost)  
  140  12:38  Pylon  
  140  12:39  Pylon  
  136  12:49  Nexus  
  126  13:03  Immortal  
  123  13:14  High Templar x4  
  117  13:37  Immortal  
  121  13:42  Pylon  
  121  13:44  Assimilator  
  121  13:45  High Templar x2  
  121  13:46  Zealot  
  127  13:49  Assimilator  
  127  13:50  Zealot x2, Archon  
  131  14:02  Zealot, Photon Cannon  
  133  14:06  Dark Shrine  
  133  14:12  Sentry, Stalker  
  135  14:27  Zealot, Sentry  
  139  14:34  Immortal (Chrono Boost)  
  144  14:38  Observer (Chrono Boost)  
  140  14:45  Nexus  
  140  14:47  Pylon  
  140  14:51  High Templar  
  140  14:52  High Templar  
  142  14:56  Zealot x4  
  148  15:05  Zealot x2, Archon  
  148  15:10  Observer  
  148  15:18  Zealot, High Templar x2  
  148  15:20  Dark Templar  
  156  15:24  Archon  
  156  15:40  Dark Templar x2  
  160  15:42  Assimilator  
  160  15:44  Archon  
  160  15:47  Assimilator  
  158  15:50  Photon Cannon  

Tags
 
Add a new tag
Caveats
  • Supply blocks, unpowered buildings, or Contaminate may cause inaccurate times.
  • Supply counts are checked every 10 seconds.